[ AOE2 MATCH · #482826537 ]
UnrankedMuisca vs Bulgarians
[ REPLAY ANALYSIS · EXTRACTED FROM THE RECORDED GAME ]
Feudal
11:12
Castle
26:15
Imperial
—
| APM avg | 14.2 |
| APM peak | 30 |
| eAPM avg | 7.5 |
| Villagers / military | 49 / 22 |
Focus
⚔️ 32.4% · 🌾 67.6%
Spearman ×21 · Unknown (2550) ×10 · Fishing Ship ×2 · Demolition Raft ×1
Feudal
—
Castle
—
Imperial
—
| APM avg | 17.2 |
| APM peak | 41 |
| eAPM avg | 11.5 |
| Villagers / military | 66 / 13 |
Focus
⚔️ 14.4% · 🌾 85.6%
Militia ×13
Feudal
10:44
Castle
21:51
Imperial
—
| APM avg | 44.6 |
| APM peak | 114 |
| eAPM avg | 19.9 |
| Villagers / military | 82 / 12 |
Focus
⚔️ 21.4% · 🌾 78.6%
Fishing Ship ×45 · Knight ×12
Feudal
—
Castle
—
Imperial
—
| APM avg | 16.2 |
| APM peak | 31 |
| eAPM avg | 10.0 |
| Villagers / military | 71 / 5 |
Focus
⚔️ 14.8% · 🌾 85.2%
Spearman ×5
Match map
Initial resources + every placement click. Lines = walls · curves = elevation contours. ◆ gold · ⬟ stone · ● berries · ✦ relic · ◌ wall gap
Your base· ✓ Map-separated
S1eKej86's base· ✓ Map-separated
madhatter's base· ✓ Map-separated
RHMM16's base· ✓ Map-separated
Smoothed initial terrain · ◌ = detected wall gap · hover for details
Inputs per minute
— Gauntlet - - S1eKej86
Build order — Gauntlet
126 actions detected in the replay
| 0:02 | Create | Villager (Male) ×4 |
| 0:07 | Build | House |
| 0:08 | Build | House |
| 1:42 | Create | Villager (Male) |
| 2:20 | Create | Villager (Male) |
| 2:21 | Create | Villager (Male) |
| 2:21 | Create | Villager (Male) |
| 2:46 | Create | Villager (Male) |
| 3:10 | Create | Villager (Male) |
| 3:28 | Build | House |
| 3:58 | Build | Settlement |
| 4:02 | Create | Villager (Male) |
| 4:16 | Build | Settlement |
| 4:19 | Create | Villager (Male) |
| 4:46 | Create | Villager (Male) |
| 5:15 | Create | Villager (Male) |
| 5:16 | Create | Villager (Male) |
| 5:30 | Create | Villager (Male) |
| 5:57 | Create | Villager (Male) |
| 5:57 | Create | Villager (Male) |
| 6:26 | Create | Villager (Male) |
| 7:05 | Create | Villager (Male) |
| 8:04 | Create | Villager (Male) |
| 8:33 | Research | Loom |
| 8:42 | Research | Feudal Age |
| 8:56 | Build | Barracks |
| 9:09 | Build | Barracks |
| 9:15 | Build | House |
| 9:26 | Build | Palisade Wall |
| 9:33 | Build | Farm |
| 9:36 | Build | Farm |
| 9:40 | Build | Farm |
| 10:05 | Build | Farm |
| 10:12 | Build | Farm |
| 10:18 | Build | House |
| 10:21 | Create | Villager (Male) |
| 10:22 | Create | Villager (Male) |
| 10:27 | Build | Farm |
| 11:12 | Age | Feudal Age |
| 11:19 | Research | Tech 1402 |
| 11:21 | Build | House |
| 11:23 | Research | Double-Bit Axe |
| 11:34 | Research | Horse Collar |
| 11:46 | Create | Villager (Male) |
| 12:00 | Build | Farm |
| 12:04 | Create | Villager (Male) |
| 12:40 | Build | Settlement |
| 12:56 | Build | Farm |
| 13:04 | Create | Villager (Male) |
| 13:14 | Build | Farm |
| 13:28 | Create | Villager (Male) |
| 13:33 | Create | Villager (Male) |
| 13:38 | Create | Unit 2550 |
| 13:38 | Create | Unit 2550 |
| 14:03 | Build | Dock |
| 14:08 | Create | Villager (Male) |
| 14:10 | Create | Villager (Male) |
| 14:23 | Create | Villager (Male) |
| 14:37 | Build | Blacksmith |
| 14:44 | Create | Fishing Ship |
| 15:04 | Create | Unit 2550 |
| 15:25 | Build | Farm |
| 15:29 | Build | Farm |
| 15:43 | Create | Villager (Male) |
| 15:43 | Create | Villager (Male) |
| 15:49 | Build | Farm |
| 15:59 | Build | Palisade Wall |
| 16:05 | Build | Palisade Gate |
| 16:16 | Create | Fishing Ship |
| 16:17 | Create | Villager (Male) |
| 16:20 | Build | Farm |
| 16:57 | Create | Unit 2550 |
| 16:57 | Create | Unit 2550 |
| 17:09 | Build | House |
| 17:12 | Create | Unit 2550 |
| 17:12 | Create | Unit 2550 |
| 17:16 | Research | Forging |
| 17:19 | Build | Farm |
| 17:22 | Build | Farm |
| 17:24 | Create | Villager (Male) |
| 17:27 | Create | Villager (Male) |
| 17:33 | Create | Unit 2550 |
| 17:39 | Create | Unit 2550 |
| 17:55 | Create | Villager (Male) |
| 18:29 | Create | Unit 2550 |
| 18:33 | Research | Scale Mail Armor |
| 18:35 | Create | Villager (Male) |
| 18:36 | Create | Villager (Male) |
| 18:50 | Build | Barracks |
| 20:20 | Build | Market |
| 22:34 | Create | Villager (Male) ×5 |
| 22:37 | Research | Castle Age |
| 23:01 | Create | Spearman |
| 23:01 | Create | Spearman |
| 23:02 | Create | Spearman |
| 23:02 | Create | Spearman |
| 23:24 | Build | Barracks |
| 23:28 | Research | Fletching |
| 24:11 | Create | Spearman |
| 24:11 | Create | Spearman |
| 24:13 | Create | Spearman |
| 24:13 | Create | Spearman |
| 24:17 | Create | Spearman |
| 24:17 | Create | Spearman |
| 24:18 | Create | Spearman |
| 24:25 | Build | House |
| 24:30 | Build | House |
| 24:57 | Create | Spearman |
| 24:57 | Create | Spearman |
| 24:57 | Create | Spearman |
| 25:02 | Build | House |
| 25:21 | Create | Spearman |
| 25:21 | Create | Spearman |
| 25:22 | Create | Spearman |
| 25:22 | Create | Spearman |
| 25:33 | Create | Spearman |
| 25:33 | Create | Spearman |
| 25:34 | Create | Spearman |
| 25:43 | Create | Demolition Raft |
| 25:57 | Build | House |
| 26:15 | Age | Castle Age |
| 26:20 | Research | Chain Mail Armor |
| 27:07 | Create | Villager (Male) ×5 |
| 27:16 | Build | Town Center |
| 28:08 | Research | Iron Casting |
| 28:12 | Research | Pikeman (upgrade) |
Build order — S1eKej86
First 150 of 166 actions detected
| 0:02 | Create | Villager (Male) |
| 0:04 | Build | House |
| 0:05 | Build | House |
| 0:20 | Create | Villager (Male) |
| 0:20 | Create | Villager (Male) |
| 0:20 | Create | Villager (Male) |
| 0:32 | Research | Loom |
| 1:39 | Create | Villager (Male) |
| 2:28 | Create | Villager (Male) |
| 2:28 | Create | Villager (Male) |
| 2:38 | Build | Mill |
| 2:52 | Create | Villager (Male) |
| 2:52 | Create | Villager (Male) |
| 2:52 | Create | Villager (Male) |
| 3:58 | Create | Villager (Male) |
| 3:58 | Create | Villager (Male) |
| 3:58 | Create | Villager (Male) |
| 4:29 | Build | House |
| 4:32 | Create | Villager (Male) |
| 4:32 | Create | Villager (Male) |
| 5:52 | Create | Villager (Male) |
| 5:52 | Create | Villager (Male) |
| 5:52 | Create | Villager (Male) |
| 5:53 | Create | Villager (Male) |
| 5:53 | Create | Villager (Male) |
| 6:28 | Build | House |
| 6:59 | Create | Villager (Male) |
| 7:05 | Build | Lumber Camp |
| 7:54 | Build | Mill |
| 8:14 | Create | Villager (Male) |
| 8:14 | Create | Villager (Male) |
| 8:28 | Build | Mining Camp |
| 8:31 | Create | Villager (Male) |
| 9:02 | Build | House |
| 9:40 | Create | Villager (Male) |
| 10:06 | Research | Feudal Age |
| 10:43 | Create | Villager (Male) |
| 10:49 | Build | Barracks |
| 11:26 | Build | Farm |
| 11:26 | Build | Farm |
| 11:26 | Build | Farm |
| 11:27 | Build | Farm |
| 11:27 | Build | Farm |
| 11:28 | Build | Farm |
| 12:05 | Build | House |
| 12:25 | Create | Villager (Male) |
| 12:25 | Create | Villager (Male) |
| 12:46 | Build | Stone Wall |
| 12:49 | Build | Stone Wall |
| 12:50 | Build | Stone Wall |
| 12:54 | Build | Gate |
| 13:09 | Build | Blacksmith |
| 13:13 | Create | Villager (Male) |
| 13:59 | Build | Market |
| 14:09 | Build | Stone Wall |
| 14:23 | Create | Villager (Male) |
| 14:24 | Create | Villager (Male) |
| 14:30 | Build | Farm |
| 14:30 | Build | Farm |
| 14:30 | Build | Farm |
| 14:31 | Build | Farm |
| 14:31 | Build | Farm |
| 15:05 | Build | Stone Wall |
| 15:18 | Research | Castle Age |
| 15:24 | Create | Militia |
| 15:32 | Build | House |
| 15:40 | Build | House |
| 15:41 | Build | House |
| 15:42 | Build | House |
| 15:53 | Create | Militia |
| 15:54 | Create | Militia |
| 15:54 | Create | Militia |
| 16:06 | Build | Farm |
| 16:06 | Build | Farm |
| 16:06 | Build | Farm |
| 16:06 | Build | Farm |
| 16:10 | Create | Villager (Male) |
| 16:21 | Build | Gate |
| 16:43 | Build | Gate |
| 16:48 | Build | Stone Wall |
| 17:04 | Build | Mining Camp |
| 17:20 | Create | Militia |
| 17:20 | Create | Militia |
| 17:21 | Create | Militia |
| 17:58 | Research | Horse Collar |
| 18:04 | Research | Arson |
| 18:05 | Create | Militia |
| 18:08 | Research | Double-Bit Axe |
| 18:23 | Create | Villager (Male) |
| 18:23 | Create | Villager (Male) |
| 18:52 | Create | Villager (Male) |
| 19:00 | Build | Town Center |
| 19:43 | Research | Forging |
| 19:43 | Research | Scale Mail Armor |
| 19:51 | Build | Stone Wall |
| 20:02 | Create | Militia |
| 20:02 | Create | Militia |
| 20:06 | Create | Villager (Male) |
| 20:06 | Create | Villager (Male) |
| 20:06 | Create | Villager (Male) |
| 20:07 | Create | Villager (Male) |
| 21:02 | Research | Squires |
| 21:05 | Research | Gold Mining |
| 21:06 | Research | Stone Mining |
| 21:19 | Create | Villager (Male) |
| 22:33 | Create | Villager (Male) |
| 22:33 | Create | Villager (Male) |
| 22:34 | Create | Villager (Male) |
| 22:37 | Create | Villager (Male) |
| 22:38 | Create | Villager (Male) |
| 22:38 | Create | Villager (Male) |
| 22:49 | Build | Town Center |
| 23:37 | Build | Stone Wall |
| 23:39 | Build | Stone Wall |
| 23:45 | Build | Gate |
| 24:15 | Create | Villager (Male) |
| 24:15 | Create | Villager (Male) |
| 24:15 | Create | Villager (Male) |
| 24:20 | Create | Villager (Male) |
| 24:20 | Create | Villager (Male) |
| 24:20 | Create | Villager (Male) |
| 24:21 | Create | Villager (Male) |
| 24:26 | Research | Heavy Plow |
| 24:40 | Research | Bow Saw |
| 24:55 | Build | Farm |
| 24:55 | Build | Farm |
| 24:56 | Build | Farm |
| 25:02 | Create | Villager (Male) |
| 25:02 | Create | Villager (Male) |
| 25:02 | Create | Villager (Male) |
| 25:28 | Build | Barracks |
| 25:45 | Build | Farm |
| 25:47 | Create | Villager (Male) |
| 25:48 | Create | Villager (Male) |
| 25:53 | Create | Villager (Male) |
| 25:54 | Create | Villager (Male) |
| 25:54 | Create | Villager (Male) |
| 25:58 | Create | Villager (Male) |
| 26:06 | Build | House |
| 26:06 | Build | House |
| 26:26 | Create | Militia |
| 26:27 | Create | Militia |
| 26:27 | Create | Militia |
| 26:53 | Build | Archery Range |
| 27:53 | Build | Castle |
| 28:00 | Build | Mining Camp |
| 28:04 | Build | House |
| 28:04 | Build | House |
| 28:04 | Build | House |
| 28:04 | Build | House |
Build order — madhatter
First 150 of 226 actions detected
| 0:03 | Create | Villager (Male) |
| 0:03 | Create | Villager (Male) |
| 0:04 | Build | House |
| 0:05 | Build | House |
| 0:17 | Create | Villager (Male) |
| 0:17 | Create | Villager (Male) |
| 0:17 | Create | Villager (Male) |
| 0:20 | Build | Mill |
| 1:36 | Build | House |
| 1:45 | Create | Villager (Male) |
| 1:45 | Create | Villager (Male) |
| 2:13 | Research | Loom |
| 2:30 | Create | Villager (Male) |
| 2:58 | Create | Villager (Male) |
| 2:58 | Create | Villager (Male) |
| 3:21 | Create | Villager (Male) |
| 3:34 | Create | Villager (Male) |
| 3:53 | Create | Villager (Male) |
| 3:54 | Create | Villager (Male) |
| 4:06 | Build | House |
| 4:15 | Create | Villager (Male) |
| 4:15 | Create | Villager (Male) |
| 4:16 | Create | Villager (Male) |
| 5:12 | Create | Villager (Male) |
| 5:35 | Build | Lumber Camp |
| 5:42 | Create | Villager (Male) |
| 6:01 | Create | Villager (Male) |
| 6:30 | Create | Villager (Male) |
| 7:03 | Create | Villager (Male) |
| 7:23 | Create | Villager (Male) |
| 7:44 | Create | Villager (Male) |
| 7:49 | Build | House |
| 8:06 | Create | Villager (Male) |
| 8:24 | Build | Dock |
| 8:34 | Research | Feudal Age |
| 8:34 | Research | Feudal Age |
| 9:18 | Build | Lumber Camp |
| 9:37 | Create | Fishing Ship |
| 9:45 | Build | House |
| 10:08 | Create | Fishing Ship |
| 10:35 | Build | Dock |
| 10:40 | Create | Villager (Male) |
| 10:44 | Age | Feudal Age |
| 10:47 | Research | Double-Bit Axe |
| 10:47 | Research | Double-Bit Axe |
| 11:05 | Create | Villager (Male) |
| 11:06 | Create | Fishing Ship |
| 11:19 | Build | House |
| 11:23 | Create | Villager (Male) |
| 11:33 | Create | Fishing Ship |
| 11:38 | Create | Villager (Male) |
| 11:42 | Build | House |
| 11:54 | Create | Fishing Ship |
| 12:07 | Build | House |
| 12:15 | Create | Villager (Male) |
| 12:23 | Build | Palisade Wall |
| 12:35 | Create | Fishing Ship |
| 12:35 | Create | Fishing Ship |
| 12:41 | Create | Villager (Male) |
| 12:45 | Research | Town Watch |
| 12:45 | Research | Town Watch |
| 12:47 | Build | House |
| 13:00 | Create | Fishing Ship |
| 13:08 | Create | Villager (Male) |
| 13:19 | Research | Wheelbarrow |
| 13:20 | Research | Wheelbarrow |
| 13:30 | Create | Fishing Ship |
| 13:30 | Create | Fishing Ship |
| 13:39 | Create | Villager (Male) |
| 13:44 | Create | Fishing Ship |
| 13:59 | Build | House |
| 14:13 | Research | Tech 906 |
| 14:13 | Research | Tech 906 |
| 14:13 | Research | Tech 906 |
| 14:14 | Create | Villager (Male) |
| 14:24 | Create | Fishing Ship |
| 14:24 | Create | Fishing Ship |
| 14:28 | Build | House |
| 14:55 | Create | Fishing Ship |
| 14:55 | Create | Fishing Ship |
| 15:00 | Build | House |
| 15:02 | Create | Villager (Male) |
| 15:06 | Build | House |
| 15:21 | Build | Palisade Wall |
| 15:28 | Create | Villager (Male) |
| 15:33 | Create | Fishing Ship |
| 15:35 | Create | Fishing Ship |
| 15:48 | Build | Palisade Wall |
| 16:04 | Build | Dock |
| 16:07 | Create | Villager (Male) |
| 16:15 | Create | Fishing Ship |
| 16:18 | Create | Fishing Ship |
| 16:23 | Create | Villager (Male) |
| 16:33 | Build | Mining Camp |
| 16:44 | Create | Fishing Ship |
| 16:50 | Build | House |
| 16:53 | Create | Villager (Male) |
| 16:57 | Create | Fishing Ship |
| 17:05 | Create | Villager (Male) |
| 17:09 | Create | Fishing Ship |
| 17:09 | Create | Fishing Ship |
| 17:13 | Build | House |
| 17:26 | Build | Barracks |
| 17:31 | Create | Villager (Male) |
| 17:51 | Build | Blacksmith |
| 17:59 | Build | House |
| 18:09 | Create | Villager (Male) |
| 18:17 | Build | Stable |
| 18:22 | Build | House |
| 18:46 | Create | Villager (Male) |
| 18:49 | Build | Lumber Camp |
| 18:56 | Build | Lumber Camp |
| 18:57 | Research | Castle Age |
| 18:58 | Research | Castle Age |
| 19:30 | Research | Gold Mining |
| 19:32 | Research | Forging |
| 19:40 | Build | House |
| 19:50 | Create | Villager (Male) |
| 20:01 | Build | Stable |
| 20:03 | Create | Villager (Male) |
| 20:21 | Build | Stable |
| 20:26 | Research | Scale Barding Armor |
| 20:30 | Build | House |
| 20:31 | Build | House |
| 20:46 | Create | Fishing Ship |
| 20:46 | Create | Fishing Ship |
| 20:46 | Create | Fishing Ship |
| 20:51 | Create | Fishing Ship |
| 20:54 | Create | Villager (Male) |
| 21:14 | Create | Villager (Male) |
| 21:39 | Build | House |
| 21:40 | Build | House |
| 21:42 | Build | House |
| 21:44 | Create | Villager (Male) |
| 21:48 | Build | House |
| 21:50 | Build | House |
| 21:51 | Age | Castle Age |
| 21:52 | Build | House |
| 21:55 | Create | Knight ×3 |
| 21:56 | Create | Knight ×3 |
| 21:57 | Build | House |
| 22:00 | Build | House |
| 22:11 | Create | Villager (Male) |
| 22:14 | Create | Knight |
| 22:16 | Create | Fishing Ship |
| 22:16 | Create | Fishing Ship |
| 22:16 | Create | Fishing Ship |
| 22:17 | Create | Fishing Ship |
| 22:17 | Create | Fishing Ship |
| 22:31 | Create | Villager (Male) |
Build order — RHMM16
130 actions detected in the replay
| 0:01 | Create | Villager (Male) |
| 0:01 | Create | Villager (Male) |
| 0:01 | Create | Villager (Male) |
| 0:06 | Build | House |
| 0:08 | Build | House |
| 0:27 | Create | Villager (Male) |
| 0:27 | Create | Villager (Male) |
| 1:26 | Create | Villager (Male) |
| 1:27 | Create | Villager (Male) |
| 2:12 | Create | Villager (Male) |
| 2:12 | Create | Villager (Male) |
| 2:16 | Create | Villager (Male) |
| 2:17 | Create | Villager (Male) |
| 2:55 | Build | House |
| 2:57 | Build | House |
| 2:59 | Create | Villager (Male) |
| 2:59 | Create | Villager (Male) |
| 3:00 | Create | Villager (Male) |
| 3:00 | Create | Villager (Male) |
| 4:14 | Build | Palisade Wall |
| 5:00 | Create | Villager (Male) |
| 5:00 | Create | Villager (Male) |
| 5:00 | Create | Villager (Male) |
| 5:01 | Create | Villager (Male) |
| 5:01 | Create | Villager (Male) |
| 5:01 | Create | Villager (Male) |
| 5:06 | Build | Mule Cart |
| 5:46 | Build | Palisade Wall |
| 6:30 | Build | Palisade Wall |
| 6:57 | Build | Palisade Wall |
| 7:12 | Create | Villager (Male) |
| 7:12 | Create | Villager (Male) |
| 7:12 | Create | Villager (Male) |
| 7:12 | Create | Villager (Male) |
| 7:13 | Create | Villager (Male) |
| 7:13 | Create | Villager (Male) |
| 7:46 | Build | Palisade Wall |
| 8:16 | Create | Villager (Male) |
| 8:49 | Build | House |
| 8:51 | Build | House |
| 9:03 | Build | Palisade Wall |
| 9:23 | Create | Villager (Male) |
| 9:24 | Create | Villager (Male) |
| 9:50 | Build | Palisade Wall |
| 10:32 | Build | Mill |
| 11:08 | Create | Villager (Male) |
| 11:09 | Create | Villager (Male) |
| 11:10 | Create | Villager (Male) |
| 12:17 | Build | Farm |
| 12:17 | Build | Farm |
| 12:17 | Build | Farm |
| 12:18 | Build | Farm |
| 12:18 | Build | Farm |
| 12:18 | Build | Farm |
| 12:19 | Build | Farm |
| 12:19 | Build | Farm |
| 12:33 | Create | Villager (Male) |
| 12:34 | Create | Villager (Male) |
| 12:46 | Build | Mule Cart |
| 13:33 | Research | Feudal Age |
| 13:57 | Create | Villager (Male) |
| 14:09 | Create | Villager (Male) |
| 14:10 | Create | Villager (Male) |
| 14:40 | Build | Palisade Wall |
| 15:34 | Build | Farm |
| 15:34 | Build | Farm |
| 15:34 | Build | Farm |
| 15:37 | Build | Farm |
| 15:37 | Build | Farm |
| 15:40 | Build | Farm |
| 15:41 | Build | Farm |
| 15:41 | Build | Farm |
| 16:04 | Build | House |
| 16:07 | Build | House |
| 16:44 | Build | Stone Wall |
| 17:16 | Research | Double-Bit Axe |
| 17:28 | Build | Mule Cart |
| 17:39 | Create | Villager (Male) |
| 17:39 | Create | Villager (Male) |
| 18:01 | Build | Stone Wall |
| 18:18 | Build | Stone Wall |
| 18:30 | Build | Market |
| 18:34 | Create | Villager (Male) |
| 18:35 | Create | Villager (Male) |
| 18:35 | Create | Villager (Male) |
| 18:36 | Create | Villager (Male) |
| 18:36 | Create | Villager (Male) |
| 19:08 | Build | Blacksmith |
| 19:26 | Create | Villager (Male) |
| 19:27 | Create | Villager (Male) |
| 19:51 | Build | Watch Tower |
| 19:55 | Build | Watch Tower |
| 20:00 | Research | Castle Age |
| 20:45 | Create | Villager (Male) |
| 20:45 | Create | Villager (Male) |
| 20:50 | Build | Watch Tower |
| 20:52 | Create | Villager (Male) |
| 20:52 | Create | Villager (Male) |
| 21:05 | Build | Barracks |
| 21:18 | Build | Stone Wall |
| 21:31 | Build | Mule Cart |
| 21:54 | Create | Spearman ×5 |
| 22:54 | Build | Farm |
| 23:21 | Create | Villager (Male) |
| 23:21 | Create | Villager (Male) |
| 23:21 | Create | Villager (Male) |
| 23:22 | Create | Villager (Male) |
| 23:22 | Create | Villager (Male) |
| 23:42 | Build | Town Center |
| 23:46 | Create | Villager (Male) |
| 23:47 | Create | Villager (Male) |
| 24:35 | Build | Stone Wall |
| 24:53 | Research | Horse Collar |
| 24:58 | Create | Villager (Male) |
| 24:59 | Create | Villager (Male) |
| 24:59 | Create | Villager (Male) |
| 24:59 | Create | Villager (Male) |
| 25:01 | Create | Villager (Male) |
| 25:01 | Create | Villager (Male) |
| 25:12 | Build | Stone Wall |
| 25:46 | Create | Villager (Male) |
| 25:46 | Create | Villager (Male) |
| 26:15 | Build | Farm |
| 26:31 | Create | Villager (Male) |
| 26:31 | Create | Villager (Male) |
| 26:37 | Build | Farm |
| 27:01 | Create | Villager (Male) |
| 27:01 | Create | Villager (Male) |
| 27:02 | Create | Villager (Male) |
| 27:11 | Build | Farm |
Match timeline
| 4:14 | RHMM16 · wall_segment Palisade Wall x11 |
| 5:46 | RHMM16 · wall_segment Palisade Wall x10 |
| 6:30 | RHMM16 · wall_segment Palisade Wall x13 |
| 6:57 | RHMM16 · wall_segment Palisade Wall x5 |
| 7:46 | RHMM16 · wall_segment Palisade Wall x30 |
| 8:24 | madhatter · first_building Dock |
| 8:56 | Gauntlet · first_building Barracks |
| 9:03 | RHMM16 · wall_segment Palisade Wall x1 |
| 9:26 | Gauntlet · wall_segment Palisade Wall x1 |
| 9:50 | RHMM16 · wall_segment Palisade Wall x19 |
| 10:44 | madhatter · age_up feudal |
| 10:49 | S1eKej86 · first_building Barracks |
| 11:12 | Gauntlet · age_up feudal |
| 12:23 | madhatter · wall_segment Palisade Wall x12 |
| 12:46 | S1eKej86 · wall_segment Stone Wall x1 |
| 12:49 | S1eKej86 · wall_segment Stone Wall x1 |
| 12:50 | S1eKej86 · wall_segment Stone Wall x1 |
| 14:03 | Gauntlet · first_building Dock |
| 14:09 | S1eKej86 · wall_segment Stone Wall x6 |
| 14:40 | RHMM16 · wall_segment Palisade Wall x11 |
| 14:47 | S1eKej86 · first_market_buy 100 food |
| 15:05 | S1eKej86 · wall_segment Stone Wall x10 |
| 15:21 | madhatter · wall_segment Palisade Wall x8 |
| 15:48 | madhatter · wall_segment Palisade Wall x9 |
| 15:59 | Gauntlet · wall_segment Palisade Wall x8 |
| 16:44 | RHMM16 · wall_segment Stone Wall x10 |
| 16:48 | S1eKej86 · wall_segment Stone Wall x16 |
| 17:26 | madhatter · first_building Barracks |
| 18:01 | RHMM16 · wall_segment Stone Wall x14 |
| 18:17 | madhatter · first_building Stable |
| 18:18 | RHMM16 · wall_segment Stone Wall x8 |
| 19:51 | S1eKej86 · wall_segment Stone Wall x3 |
| 21:05 | RHMM16 · first_building Barracks |
| 21:18 | RHMM16 · wall_segment Stone Wall x2 |
| 21:51 | madhatter · age_up castle |
| 23:34 | RHMM16 · first_market_buy 100 wood |
| 23:37 | S1eKej86 · wall_segment Stone Wall x6 |
| 23:39 | S1eKej86 · wall_segment Stone Wall x4 |
| 24:35 | RHMM16 · wall_segment Stone Wall x19 |
| 25:12 | RHMM16 · wall_segment Stone Wall x6 |
| 26:10 | Gauntlet · first_market_sell 100 wood |
| 26:15 | Gauntlet · age_up castle |
| 26:53 | S1eKej86 · first_building Archery Range |
| 27:53 | S1eKej86 · first_building Castle |
| 28:06 | RHMM16 · resign |
[ AI ANALYSIS · 1 CREDIT ]
What really happened in this match?
Wolo.gg analyzes every decision: build order, eco, micro, common mistakes by bracket. Personalized analysis on WhatsApp or Discord in 30 seconds.
Civ guide
Muisca
Perfil
Jugador #4069000